Map: Dusk Towers

Players

lesha

  • Race: Terran Terran
  • League: Silver

Artur - Winner!

  • Race: Zerg Zerg
  • League: Silver

VOD

Have the link to the VOD?

Description

Time

  • Played on: Dec. 21, 2015, 10:46 a.m.
  • Length: 3:07
Show
View Real Time Build Order
Export as new Build Order

lesha Terran 

Build Orders: Reaper Expand 

Get SALT Encoding   

  12  0:02  SCV  
  14  0:14  SCV  
  14  0:18  Supply Depot  
  14  0:26  SCV  
  15  0:40  SCV  
  16  0:43  Barracks  
  16  0:52  SCV, Refinery  
  17  1:04  SCV  
  18  1:17  SCV  
  19  1:31  Command Center  
  19  1:36  SCV  
  19  1:37  Reaper  
  21  1:48  Orbital Command  
  21  1:54  Refinery  
  21  2:07  Supply Depot  
  21  2:14  SCV  
  22  2:25  Barracks  
  22  2:26  SCV  
  23  2:36  Marine  
Show
View Real Time Build Order
Export as new Build Order

Artur Zerg - Winner!

Build Orders: Pool First 

Get SALT Encoding   

  12  0:01  Drone  
  13  0:12  Overlord  
  13  0:18  Extractor  
  13  0:20  Drone  
  13  0:40  Spawning Pool  
  12  0:43  Drone  
  12  0:46  Drone  
  14  0:53  Drone  
  15  1:08  Drone  
  16  1:26  Queen  
  16  1:28  Zergling x6  
  21  1:43  Metabolic Boost  
  21  1:49  Zergling x2  
  22  1:56  Overlord  
  22  2:17  Hatchery  
Tags
 
Add a new tag
Caveats
  • Supply blocks, unpowered buildings, or Contaminate may cause inaccurate times.
  • Supply counts are checked every 10 seconds.